 Dungeon Crawl Stone Soup version 0.28.0-53-g5a82cb258f (webtiles) character file.

Game seed: 11222087269893414884

2195 LustLizard the Cleaver (level 9, -5/77 (79) HPs)
             Began as a Minotaur Berserker on July 12, 2022.
             Was a Priest of Trog.
             Slain by a +1 long sword of chaos (10 damage)
             ... while petrified by a +1 long sword of chaos
             ... on level 6 of the Dungeon.
             The game lasted 00:11:03 (6942 turns).

LustLizard the Cleaver (Minotaur Berserker)         Turns: 6942, Time: 00:11:04

HP:   -5/77 (79)    AC: 13    Str: 24    XL:     9   Next: 12%
MP:   8/8           EV:  2    Int:  6    God:    Trog [***...]
Gold: 374           SH:  0    Dex: 10    Spells: 8/8 levels left

rFire   . . .      SeeInvis .   a - +0 hand axe
rCold   . . .      Faith    .   v - +0 buckler
rNeg    + + +      Spirit   .   s - +0 chain mail
rPois   ∞          Reflect  .   j - +2 hat
rElec   .          Harm     .   (no cloak)
rCorr   .          Rampage  .   C - +0 pair of gloves
Will    .....                   B - +0 pair of boots
Stlth   ..........              (no amulet)
HPRegen 0.22/turn               A - ring of flight
MPRegen 0.11/turn               (no ring)

@: confused, agile, petrified, on berserk cooldown, flying, hasted and slowed,
lightly drained
A: horns 2, retaliatory headbutt
a: Renounce Religion, Berserk, Trog's Hand


You were on level 6 of the Dungeon.
You worshipped Trog.
Trog was most pleased with you.
You visited 1 branch of the dungeon, and saw 6 of its levels.

You collected 374 gold pieces.

Inventory:

Hand Weapons
 a - a +0 hand axe (weapon)
Missiles
 c - 237 stones (quivered)
 d - 2 throwing nets
 i - 9 poisoned darts
Armour
 b - a +0 animal skin
 f - a +0 kite shield
 j - a +2 hat (worn)
 r - a +3 leather armour of fire resistance
 s - a +0 chain mail (worn)
 v - a +0 buckler (worn)
 B - a +0 pair of boots (worn)
 C - a +0 pair of gloves (worn)
Jewellery
 A - a ring of flight (left hand)
Scrolls
 e - a scroll of noise {unknown}
 h - 4 scrolls of teleportation {unknown}
 n - a scroll of enchant armour {unknown}
 q - 3 scrolls of enchant weapon {unknown}
 t - a scroll of vulnerability {unknown}
 u - 2 scrolls of fog {unknown}
 w - a scroll of immolation {unknown}
 x - a scroll of amnesia {unknown}
 y - a scroll of torment {unknown}
Potions
 g - 4 potions of cancellation
 k - a potion of magic {unknown}
 l - 3 potions of degeneration
 m - 4 potions of curing
 o - a potion of haste {unknown}
 p - 2 potions of mutation {unknown}
 z - a potion of might {unknown}
 D - a potion of heal wounds {unknown}


   Skills:
 + Level 7.4 Fighting
 * Level 9.8 Axes
 * Level 7.6 Throwing
 - Level 2.4 Armour
 - Level 2.1 Dodging


You had 8 spell levels left.
You didn't know any spells.
Your spell library was empty.

Dungeon Overview and Level Annotations

Branches:
Dungeon (6/15)             Temple (0/1) D:6

Altars:
Xom

Annotations:
D:6 DocClef's ghost, novice GnIE


Innate Abilities, Weirdness & Mutations

You have a pair of horns on your head.
You reflexively headbutt those who attack you in melee.


Message History

Press: ? - help, v - describe, . - travel, g - get item
Here: DocClef's ghost (fire blocked by a translucent stone wall) Item here: an encrusted peridot ring.
The floor.
Cleave: a) +0 hand axe
Press: ? - help, Dir - move target, f - DocClef's ghost
Aim: DocClef's ghost (fire blocked by a translucent stone wall, about 38% to evade your +0 hand axe)
Your weapon can't reach that far!
Okay, then.
You reach down and open the door.
The +1 long sword of chaos hits you!
You are slowing down.
A red film seems to cover your vision as you go berserk!
You feel yourself moving faster!
You feel mighty! The +1 long sword of chaos hits you.
You feel drained. The +1 long sword of chaos hits you.
Your limbs are stiffening.
You feel a strong urge to attack something.
The +1 long sword of chaos hits you!! The +1 long sword of chaos hits you!
You feel yourself speed up.
You have turned to stone.
The +1 long sword of chaos hits you! The +1 long sword of chaos freezes you.
The +1 long sword of chaos hits you! x2; The +1 long sword of chaos burns you.
The +1 long sword of chaos hits you.
You are confused.
The +1 long sword of chaos hits you! The +1 long sword of chaos freezes you.
The +1 long sword of chaos hits you!
The +1 long sword of chaos hits you but does no damage.
The +1 long sword of chaos hits you!!
* * * LOW HITPOINT WARNING * * *
You are no longer berserk.
You feel yourself slow down. The +1 long sword of chaos hits you!
* * * LOW HITPOINT WARNING * * *
The +1 long sword of chaos burns you.
* * * LOW HITPOINT WARNING * * *
DocClef's ghost says, "An ice sculpture of you would look very nice here."
The +1 long sword of chaos hits you!
* * * LOW HITPOINT WARNING * * *
You feel agile all of a sudden. The +1 long sword of chaos hits you!
* * * LOW HITPOINT WARNING * * *
The +1 long sword of chaos hits you!!
You die...

#...# ##### ##...####..##
....# #...## #...## ....#
##...# ##..... ....#
##...## ##.....# ....#
##...## #......# .^.##
#####...## #......# .>.#
###....#### ##..##### ..##
###......#.## #..## #..##
##.......@(W.# ##..#
##..##
#.........#=#####..##
##..###.........###.##..##
##......>..............#
#..###...............##
##.## ##.........###..#
#..# ##........##...####
#.##
##.......#.......######
##.#
###..###......#...##..


You could see a +1 long sword of chaos and DocClef's ghost.

Vanquished Creatures
  Sigmund (D:3)
  An orc warrior (D:6)
  A sky beast (D:6)
  2 necrophages
  3 ogres
  2 centaurs (D:6)
  2 phantoms
  A bullfrog (D:6)
  2 scorpions (D:4)
  A wyvern skeleton (D:6)
  3 water moccasin skeletons
  A howler monkey (D:6)
  2 centaur zombies
  2 hounds
  2 centaur skeletons
  4 jellies
  Jessica (D:2)
  2 iguanas
  Terence (D:3)
  Natasha (thrice) (D:3)
  An orc wizard (D:6)
  2 hound skeletons
  A howler monkey zombie (D:6)
  8 adders
  An ufetubus (D:6)
  An adder skeleton (D:4)
  An adder zombie (D:5)
  2 dart slugs
  10 orcs
  8 ball pythons
  4 bats
  13 endoplasms
  5 giant cockroaches
  12 goblins
  6 hobgoblins
  7 jackals (D:3)
  6 kobolds
  3 quokkas
  3 frilled lizards
  7 rats
138 creatures vanquished.

Vanquished Creatures (others)
  4 fungi (D:1)
  6 plants (D:1)
  3 toadstools (D:5)
13 creatures vanquished.

Grand Total: 151 creatures vanquished

Notes
Turn   | Place    | Note
-------+----------+-------------------------------------------
     0 | D:1      | LustLizard the Minotaur Berserker began the quest for the
                  | Orb.
     0 | D:1      | Reached XP level 1. HP: 19/19 MP: 0/0
   149 | D:1      | Reached XP level 2. HP: 13/27 MP: 1/1
   167 | D:1      | Reached skill level 4 in Axes
   167 | D:1      | Reached skill level 1 in Throwing
   487 | D:1      | Found a faded altar of an unknown god.
   907 | D:2      | Reached XP level 3. HP: 33/33 MP: 2/2
   942 | D:2      | Noticed Jessica
   949 | D:2      | Reached ** piety under Trog
   952 | D:2      | Killed Jessica
   953 | D:2      | Reached XP level 4. HP: 29/40 MP: 3/3
  1924 | D:3      | Noticed Sigmund
  1939 | D:3      | Killed Sigmund
  1940 | D:3      | Reached skill level 5 in Axes
  1940 | D:3      | Reached XP level 5. HP: 47/47 MP: 4/4
  2074 | D:3      | Noticed Natasha
  2083 | D:3      | Killed Natasha
  2084 | D:3      | Reached XP level 6. HP: 49/55 MP: 5/5
  2085 | D:3      | Noticed Natasha
  2092 | D:3      | Killed Natasha
  2093 | D:3      | Reached skill level 5 in Fighting
  2093 | D:3      | Reached skill level 6 in Axes
  2295 | D:3      | Noticed Terence
  2304 | D:3      | Killed Terence
  2424 | D:3      | Noticed Natasha
  2431 | D:3      | Killed Natasha
  2431 | D:3      | Reached *** piety under Trog
  2881 | D:4      | Reached XP level 7. HP: 18/61 MP: 6/6
  3172 | D:4      | Reached skill level 7 in Axes
  3493 | D:4      | Reached skill level 5 in Throwing
  4163 | D:5      | Entered Level 5 of the Dungeon
  4380 | D:5      | Reached XP level 8. HP: 70/70 MP: 7/7
  4390 | D:5      | Reached skill level 8 in Axes
  5543 | D:6      | Found a staircase to the Ecumenical Temple.
  5590 | D:6      | Reached skill level 9 in Axes
  5984 | D:6      | Found a runed translucent door.
  5984 | D:6      | Found a shimmering altar of Xom.
  5984 | D:6      | Noticed DocClef's ghost (novice GnIE)
  5984 | D:6      | Noticed a +1 long sword of chaos
  6110 | D:6      | Reached XP level 9. HP: 72/79 MP: 8/8
  6942 | D:6      | Slain by a +1 long sword of chaos

Illustrated notes

Levels and vault maps discovered:
D:1:      dpeg_arrival_snail, layout_basic,
          shapermc_ecumenical_altar_mp_urbaneastern, minmay_liquid_box
D:2:      minmay_chambers_of_ones, layout_loops_ring, uniq_jessica
D:3:      layout_basic, minivault_11, eino_curves_04,
          minmay_goblin_kobold_house, uniq_sigmund, uniq_terence, uniq_natasha
D:4:      layout_loops_corners, grunt_ministairs_2, minmay_misc_feat_chi,
          kennysheep_nub
D:5:      layout_loops_ring, minmay_gold_behind_fungi, minmay_pentangle
D:6:      layout_cave_pods, minmay_temple_entry_wispy, ebering_ghost_xom

Skill      XL: |  1  2  3  4  5  6  7  8 |
---------------+-------------------------+-----
Axes           | 4 5 6 7 9 |  9.8
Throwing       | 1 2 3 4 5 7 |  7.6
Fighting       | 4 5 6 7 |  7.4
Armour         | |  2.4
Dodging        | |  2.1

Action                   |  1- 3 |  4- 6 |  7- 9 || total
-------------------------+-------+-------+-------++-------
Melee: Hand axe          |    49 |   131 |   199 ||   379
       Punch             |     3 |     2 |     1 ||     6
       Headbutt          |     5 |     8 |    46 ||    59
Throw: Stone             |    18 |     1 |    68 ||    87
       Throwing net      |     1 |       |       ||     1
Invok: Berserk           |       |     1 |     5 ||     6
       Trog's Hand       |       |     1 |       ||     1
  Use: Scroll            |       |     2 |     1 ||     3
Armor: Animal skin       |     8 |    16 |       ||    24
       Leather armour    |       |    19 |       ||    19
       Chain mail        |       |    11 |   129 ||   140
Dodge: Dodged            |    27 |    65 |    71 ||   163
Block: Buckler           |       |       |    17 ||    17
